 Dungeon Crawl Stone Soup version 0.27-a0-419-g7a85846853 (webtiles) character file.

Game seed: 2354465646051090223

29 Chiseanne the Cudgeller (level 3, 29/29 HPs)
             Began as a Demonspawn Wanderer on Feb 26, 2021.
             Quit the game on level 1 of the Dungeon.
             The game lasted 00:01:04 (597 turns).

Chiseanne the Cudgeller (Demonspawn Wanderer)        Turns: 597, Time: 00:01:05

Health: 29/29      AC:  6    Str: 13    XL:     3   Next: 1%
Magic:  3/3        EV:  8    Int: 13    God:
Gold:   37         SH:  0    Dex: 12    Spells: 2/2 levels left

rFire    . . .     SeeInvis .   a - +2 mace
rCold    . . .     Faith    .   (no shield)
rNeg     . . .     Spirit   .   i - +0 scale mail
rPois    .         Reflect  .   (no helmet)
rElec    .         Harm     .   (no cloak)
rCorr    .         Rampage  .   (no gloves)
Will     .....                  (no boots)
Stlth    ..........             (no amulet)
HPRegen  0.09/turn              (no ring)
MPRegen  0.08/turn              (no ring)

@: no status effects
A: talons 1, foul stench 1
a: no special abilities


You were on level 1 of the Dungeon.
You visited 1 branch of the dungeon, and saw 1 of its levels.

You collected 37 gold pieces.

Inventory:

Hand Weapons
 a - a +2 mace (weapon)
 d - a +0 dagger
Missiles
 h - a stone
Armour
 i - a +0 scale mail (worn)
Jewellery
 e - a ring of fire
Scrolls
 c - a scroll of enchant weapon {unknown}
 f - a scroll of identify {unknown}
 g - a scroll of enchant armour {unknown}


   Skills:
 * Level 3.6 Fighting
 - Level 3.6 Maces & Flails
 * Level 1.5 Armour
 - Level 1.7 Stealth
 - Level 1.0 Evocations


You had 2 spell levels left.
You didn't know any spells.
Your spell library was empty.

Dungeon Overview and Level Annotations

Branches:
Dungeon (1/15)

Altars:


Innate Abilities, Weirdness & Mutations

You have sharp toenails.
You may rarely emit foul miasma when damaged in melee.


Message History

You hit the goblin.
You kill the goblin!
A giant cockroach comes into view.
You see here a +0 club.
The giant cockroach barely misses you. x2
You hit the giant cockroach but do no damage.
The giant cockroach bites you but does no damage.
You closely miss the giant cockroach. The giant cockroach closely misses you.
You closely miss the giant cockroach.
The giant cockroach bites you but does no damage.
The giant cockroach bites you.
You barely miss the giant cockroach. The giant cockroach barely misses you.
You barely miss the giant cockroach.
The giant cockroach completely misses you.
The giant cockroach closely misses you.
You hit the giant cockroach.
The giant cockroach is almost dead.
The giant cockroach barely misses you.
You hit the giant cockroach but do no damage.
The giant cockroach is almost dead.
The giant cockroach completely misses you.
The giant cockroach bites you.
You hit the giant cockroach.
You kill the giant cockroach!
No target in view!
No target in view!
No target in view!
Found a dagger.
There is a stone staircase leading down here.
A kobold comes into view.
The kobold shouts!
You barely miss the kobold. The kobold hits you but does no damage.
You hit the kobold.
You kill the kobold!
You have reached level 3!
Your experience leads to an increase in your attributes!
Increase (s)trength, (i)ntelligence, or (d)exterity?
You feel stronger.
Your demonic ancestry asserts itself...
Your toenails lengthen and sharpen.
Are you sure you want to abandon this character and quit the game? (Confirm with "yes".)

#.##.#..########
#.##.# #.##.#.##
#.##.### #.##.#.####
#.>....# #.#.......#
#..#.#.# #.#.).....#
#..#.#.#
##.#.#.....#######
#..#.#.#
.††.###..........#
#.......
####.#.....#####.#
#......) #.......# #@#
#.##.#### #.....[.#
#.....# #.##.#
#####.#.##.# #.....#
....>.#.##...........
#######.#...###....###
#...#.# #..... ### .#
#.##### .. .. ##


There were no monsters in sight!

Vanquished Creatures
  2 leopard geckos (D:1)
  A bat (D:1)
  3 giant cockroaches (D:1)
  4 goblins (D:1)
  3 hobgoblins (D:1)
  4 jackals (D:1)
  2 kobolds (D:1)
  A frilled lizard (D:1)
  A rat (D:1)
21 creatures vanquished.

Notes
Turn   | Place    | Note
-------+----------+-------------------------------------------
     0 | D:1      | Chiseanne the Demonspawn Wanderer began the quest for the
                  | Orb.
     0 | D:1      | Chiseanne set off with the following items: a +2 mace, a +0
                  | ring mail, a wand of random effects (15), a +0 dagger
     0 | D:1      | Reached XP level 1. HP: 18/18 MP: 1/1
    98 | D:1      | Reached skill level 1 in Armour
    98 | D:1      | Gained mutation: You may rarely emit foul miasma when
                  | damaged in melee. [demonic ancestry]
    98 | D:1      | Reached XP level 2. HP: 24/24 MP: 2/2
   597 | D:1      | Gained mutation: You have sharp toenails. [demonic
                  | ancestry]
   597 | D:1      | Reached XP level 3. HP: 29/29 MP: 3/3
   597 | D:1      | Quit the game

Illustrated notes

Levels and vault maps discovered:
D:1:      lemuel_arrival_room, layout_loops_ring, serial_bayou_lake_a

Skill      XL: |  1 |
---------------+----+-----
Armour         | 1 |  1.5
Fighting       | |  3.6
Maces & Flails | |  3.6
Stealth        | |  1.7
Evocations     | |  1.0

Action                   || total
-------------------------++-------
Melee: Mace              ||    51
 Stab: Distracted        ||     1
Armor: Ring mail         ||    13
       Scale mail        ||     3
Dodge: Dodged            ||    28

Table legend: (Time is in decaauts)
 A = Elapsed time spent in this place.
 B = Non-inter-level travel time spent in this place.
 C = Inter-level travel time spent in this place.
 D = Time resting spent in this place.
 E = Time spent auto-exploring this place.
 F = Levels seen in this place.
 G = Mean time per level.
                   A        B        C        D        E       F      G
               +--------+--------+--------+--------+--------+-----+--------+
         Total |    627 |    627 |      0 |      0 |    490 |   1 |  627.0 |
       Dungeon |    627 |    627 |      0 |      0 |    490 |   1 |  627.0 |
               +--------+--------+--------+--------+--------+-----+--------+

Top non-repeatable levels by time:
     D:1: 627 daAuts
